cohdb
Replays
Latest Replays
All Replays
Popular Replays
Top Player Replays
Match Explorer
How It Works
Community
CoH3 Stats
Reddit
Sign in to upload your games and track your stats! →
Sign in with Steam
Match 36996688
Unlisted
Match 36996688
Overview
Messages
Build Orders
End
Kettenkrad Recon Vehicle
Construct Infanterie Kompanie
MG 42 Machine Gun Team
MG 42 Machine Gun Team
Grenadier Squad
Selects Mechanized Battlegroup
Construct Luftwaffe Kompanie
Jäger Squad
Selects Raid Package
Jäger Squad
Selects 8 Rad Armored Car
8 Rad Armored Car
8 Rad Armored Car
Selects UNKNOWN (2160084)
Selects Mobile Repair Stations
Medical Bunker
Jäger Squad
Construct Panzer Kompanie
Pioneer Squad
Selects Wespe Self-propelled Artillery
Stoßtruppen Squad
Panther Heavy Tank
Stoßtruppen Squad
Selects Mechanized Assault
Panther Heavy Tank
Stoßtruppen Squad
Mechanized Assault
Wespe Self-propelled Artillery
Panther Heavy Tank
Jäger Squad
Mechanized Assault
Panther Heavy Tank
Joanna Szyszka
kumpeli11
DibbeTC
Mad Mac
0
0
Comments
sign in to comment!
No comments posted yet!